AoeStats
← TenHeinzR2

Four Lakes

509773513Analyzed
1v1 RM · 4d ago on Sep 28, 2026· 31m 18s· 2 players
Game mode
Random Map
Map size
Tiny (2 player)
Population
200
Speed
Normal
Resources
Standard
Victory
Conquest
Starting age
Dark Age
Ending age
Imperial Age
RankedLock teamsTeams togetherTeam positionsShared explorationLock speedFull tech treeHidden civsTurbo modeCheats
Victory
Defeat
🇧🇷 Armenians · Brazil
803
+16
🇦🇷 Chinese · Argentina
804
-16
TenHeinzR2
7:20 Loom
10:19 Feudal Age
11:30 Man-at-Arms
14:03 Long Swordsman
15:47 Scale Mail Armor
15:39 Arson
17:54 Forging
17:36 Fletching
17:47 Padded Archer Armor
19:41 Fishing Lines
20:50 Horse Collar
26:38 Castle Age
31:57 Heavy Plow
FlacoCba
0:31 Loom
9:42 Feudal Age
15:08 Fletching
15:31 Horse Collar
15:41 Double-Bit Axe
17:19 Gold Mining
23:25 Castle Age
21:38 Padded Archer Armor
24:56 Crossbowman
26:48 Thumb Ring
26:48 Town Watch
27:16 Bow Saw
27:23 Stone Mining
Connection lost

Rejoining the realm…

Still unreachable

The connection could not be restored.

Session expired

The server has moved on; the page needs a fresh start.